 Dungeon Crawl Stone Soup version 0.27-a0-1200-g94dc6ad4cf (webtiles) character file.

Game seed: 15391604152805818771

174 Shayle the Skirmisher (level 5, -4/55 HPs)
             Began as an Ogre Warper on June 1, 2021.
             Slain by an orc
             ... wielding a +0 flail
              (7 damage)
             ... on level 3 of the Dungeon.
             The game lasted 00:06:02 (3144 turns).

Shayle the Skirmisher (Ogre Warper)                 Turns: 3144, Time: 00:06:09

Health: -4/55      AC:  4    Str: 15    XL:     5   Next: 54%
Magic:  17/17      EV:  5    Int: 15    God:
Gold:   56         SH: 13    Dex:  8    Spells: 3/8 levels left

rFire    . . .     SeeInvis .   c - +2 short sword (vamp)
rCold    . . .     Faith    .   j - +2 tower shield
rNeg     . . .     Spirit   .   b - +1 robe
rPois    .         Reflect  .   (helmet restricted)
rElec    .         Harm     .   (no cloak)
rCorr    .         Rampage  .   (gloves unavailable)
Will     .....                  (boots unavailable)
Stlth    +.........             (no amulet)
HPRegen  0.18/turn              k - ring of magical power
MPRegen  0.15/turn              (no ring)

@: hasted and slowed
A: large, unfitting armour, tough skin 1
a: no special abilities


You were on level 3 of the Dungeon.
You visited 1 branch of the dungeon, and saw 3 of its levels.

You collected 56 gold pieces.

Inventory:

Hand Weapons
 a - a +0 mace
 c - a +2 vampiric short sword (weapon)
Missiles
 e - 3 boomerangs of dispersal (quivered)
Armour
 b - a +1 robe (worn)
 j - a +2 tower shield (worn)
Jewellery
 k - a ring of magical power (left hand)
Scrolls
 i - a scroll of identify {unknown}
Potions
 f - 2 potions of curing {unknown}
 g - a potion of lignification
 h - a potion of haste
 l - a potion of brilliance {unknown}
 m - a potion of attraction {unknown}


   Skills:
 + Level 4.5 Fighting
 + Level 3.1 Maces & Flails
 - Level 1.0 Throwing
 + Level 3.2 Dodging
 + Level 1.4 Shields
 - Level 2.4 Spellcasting
 - Level 2.6 Translocations


You had 3 spell levels left.
You knew the following spells:

 Your Spells              Type           Power      Damage    Failure   Level
a - Blink                 Tloc           N/A        N/A       89%         2
b - Teleport Other        Tloc           9%         N/A       98%         3

Your spell library contained the following spells:

 Spells                   Type           Power      Damage    Failure   Level
 Corona                   Hex            1%         N/A       98%         1
 Gell's Gravitas          Tloc           4%         N/A       98%         3
 Lesser Beckoning         Tloc           4%         N/A       98%         3
 Ensorcelled Hibernation  Hex/Ice        2%         N/A       99%         2
 Confusing Touch          Hex            1%         N/A       100%        3
 Dazzling Flash           Conj/Hex       2%         N/A       100%        3
 Tukima's Dance           Hex            1%         N/A       100%        3
 Manifold Assault         Tloc           9%         N/A       100%        5


Dungeon Overview and Level Annotations

Branches:
Dungeon (3/15)

Altars:

Shops:
D:2 [

Annotations:
D:3 Natasha


Innate Abilities, Weirdness & Mutations

You are too large for most types of armour.
You have tough skin. (AC +1)


Message History

The boomerang of dispersal hits Natasha.
Natasha blinks!
Natasha is almost dead.
You block the orc's attack. x2
Natasha casts a spell.
The orc hits you but does no damage. The orc hits you with a +0 flail.
The orc hits you with a +0 hand axe. The orc hits you with a +0 dagger.
The orc barely misses you. The orc hits you but does no damage.
Throw: 3 boomerangs (disperse)
Press: ? - help, Q - select action Shift-Dir - straight line, f/p - Natasha
Aim: Natasha (almost dead, 47% to hit)
Okay, then.
You hit the orc.
You feel better.
The orc is almost dead.
The shadow imp hits you but does no damage.
You block the orc's attack. The orc hits you with a +0 flail.
* * * LOW HITPOINT WARNING * * *
You block the orc's attack.
The crimson imp laughs crazily.
The crimson imp blinks!
You block the shadow imp's attack. The orc hits you with a +0 dagger.
* * * LOW HITPOINT WARNING * * *
The crimson imp hits you.
* * * LOW HITPOINT WARNING * * *
The orc hits you with a +0 flail.
* * * LOW HITPOINT WARNING * * *
The orc hits you with a +0 hand axe.
* * * LOW HITPOINT WARNING * * *
The shadow imp hits you.
* * * LOW HITPOINT WARNING * * *
The orc hits you with a +0 dagger.
* * * LOW HITPOINT WARNING * * *
The crimson imp hits you but does no damage.
It was a potion of haste.
You feel yourself speed up. The orc hits you with a +0 flail.
* * * LOW HITPOINT WARNING * * *
You block the orc's attack. You block the shadow imp's attack.
The orc hits you but does no damage. You block the crimson imp's attack.
The orc hits you with a +0 flail!
You die...

#...'..........).#
#...#P...........#
#...#............#
#####......5.....#
###..)..o....#
#..........#
#.....h....#
#....5oo...#
#....o@5...#
############


You could see Natasha, 2 crimson imps, a shadow imp (summoned) and 4 orcs.

Vanquished Creatures
  2 hounds (D:2)
  Natasha (D:3)
  A gnoll (D:3)
  2 adders (D:2)
  2 orcs
  4 endoplasms
  6 giant cockroaches
  6 goblins
  5 hobgoblins
  3 jackals (D:2)
  4 kobolds
  2 quokkas (D:1)
  3 ball pythons
  3 bats
  8 frilled lizards
  8 rats
60 creatures vanquished.

Notes
Turn   | Place    | Note
-------+----------+-------------------------------------------
     0 | D:1      | Shayle the Ogre Warper began the quest for the Orb.
     0 | D:1      | Reached XP level 1. HP: 22/22 MP: 3/3
   173 | D:1      | Reached skill level 3 in Fighting
   216 | D:1      | Reached XP level 2. HP: 31/31 MP: 5/5
   722 | D:1      | Reached XP level 3. HP: 36/37 MP: 6/6
   790 | D:1      | Learned a level 2 spell: Blink
   794 | D:1      | Learned a level 3 spell: Teleport Other
  1684 | D:2      | Found Voyroile's Antique Armour Shop.
  1904 | D:2      | Reached XP level 4. HP: 48/48 MP: 7/7
  2043 | D:2      | Found a faded altar of an unknown god.
  2324 | D:3      | Noticed Natasha
  2335 | D:3      | Killed Natasha
  2336 | D:3      | Reached skill level 4 in Fighting
  2491 | D:2      | Reached skill level 1 in Shields
  2491 | D:2      | Reached XP level 5. HP: 18/54 MP: 8/8
  2888 | D:3      | Noticed Natasha
  3144 | D:3      | Slain by an orc

Illustrated notes

Levels and vault maps discovered:
D:1:      wheals_arrival_linesprint, layout_basic, minmay_stone_trees_small,
          chequers_garden
D:2:      layout_basic, chequers_ecumenical_altar_grove, serial_shops,
          nicolae_shop_behind_doors
D:3:      layout_basic, grunt_ministairs_13, cheibrodos_gnoll_hut, uniq_natasha

Skill      XL: |  1  2  3  4  5 |
---------------+----------------+-----
Fighting       | 3 4 |  4.5
Maces & Flails | 2 3 |  3.1
Dodging        | 3 |  3.2
Shields        | 1 |  1.4
Throwing       | |  1.0
Spellcasting   | |  2.4
Translocations | |  2.6

Action                   |  1- 3 |  4- 6 || total
-------------------------+-------+-------++-------
Melee: Short sword       |   149 |   102 ||   251
Throw: Boomerang         |       |     2 ||     2
  Use: Scroll            |     4 |     1 ||     5
       Potion            |       |     2 ||     2
Armor: Robe              |    49 |    34 ||    83
       Skin              |       |    12 ||    12
Dodge: Dodged            |    60 |    30 ||    90
Block: Tower shield      |    15 |   135 ||   150

Table legend: (Time is in decaauts)
 A = Elapsed time spent in this place.
 B = Non-inter-level travel time spent in this place.
 C = Inter-level travel time spent in this place.
 D = Time resting spent in this place.
 E = Time spent auto-exploring this place.
 F = Levels seen in this place.
 G = Mean time per level.
                   A        B        C        D        E       F      G
               +--------+--------+--------+--------+--------+-----+--------+
         Total |   3236 |   3143 |     93 |    883 |   1487 |   3 | 1078.7 |
       Dungeon |   3236 |   3143 |     93 |    883 |   1487 |   3 | 1078.7 |
               +--------+--------+--------+--------+--------+-----+--------+

Top non-repeatable levels by time:
     D:2: 1444 daAuts
     D:1: 1388 daAuts
     D:3: 403 daAuts
